 Dungeon Crawl Stone Soup version 0.31-a0-325-g067879e3d3 (webtiles) character file.

Game seed: 9525130136259139159

9633 HallandMoats the Fighter (level 11, -1/135 HPs)
             Began as a Demonspawn Berserker on July 18, 2023.
             Was an Elder of Trog.
             Slain by an ogre
             ... wielding a +0 giant club
              (15 damage)
             ... on level 9 of the Dungeon.
             The game lasted 00:18:06 (10140 turns).

HallandMoats the Fighter (Demonspawn Berserker)    Turns: 10140, Time: 00:18:07

Health: -1/135     AC: 20    Str: 25    XL:     11   Next: 25%
Magic:  0/11       EV: 13    Int: 11    God:    Trog [****..]
Gold:   694        SH:  7    Dex: 13    Spells: 10/10 levels left

rFire   . . .        a - +0 hand axe (freeze)
rCold   + . .        w - +2 buckler
rNeg    . . .        K - +4 ring mail "Diad" {+Inv rC+}
rPois   .            c - +2 hat
rElec   .            (no cloak)
rCorr   .            (no gloves)
SInv    .            F - +1 pair of boots
Will    .....        (no amulet) Stlth
                     v - +4 ring of protection
HPRegen 0.42/turn    u - +6 ring of strength
MPRegen 0.24/turn

%: guardian spirit
@: berserking (expiring), very quick
A: claws 2, slimy green scales 1, magic shield, magic regeneration, demonic
magic 1
a: Renounce Religion, Evoke Invisibility, Berserk, Trog's Hand, Brothers in Arms


You were on level 9 of the Dungeon.
You worshipped Trog.
Trog was greatly pleased with you.
You visited 1 branch of the dungeon, and saw 9 of its levels.
You also visited: Sewer.

You collected 694 gold pieces.

Inventory:

Hand Weapons
 a - a +0 hand axe of freezing (weapon)
Missiles
 J - a throwing net
Armour
 c - a +2 hat (worn)
 w - a +2 buckler (worn)
 C - the +0 leather armour of Modesty {Dex+5 SInv}
   (You found it on level 5 of the Dungeon)

   Dex:       It affects your dexterity (+5).
   SInv:      It lets you see invisible.
 F - a +1 pair of boots (worn)
 K - the +4 ring mail "Diad" (worn) {+Inv rC+}
   (You found it on level 9 of the Dungeon)

   rC:        It protects you from cold.
   +Inv:      It lets you turn invisible.
Jewellery
 u - a +6 ring of strength (right claw)
 v - a +4 ring of protection (left claw)
 x - the ring of Piymick {rC+ rN+ Will+ Dex-3}
   (You found it on level 4 of the Dungeon)

   [ring of positive energy]

   Dex:       It affects your dexterity (-3).
   rC:        It protects you from cold.
   rN:        It protects you from negative energy.
   Will:      It increases your willpower.
 B - a ring of flight
Wands
 b - a wand of digging (4)
 s - a wand of flame (44)
 A - a wand of charming (3)
 H - a wand of quicksilver (5)
Scrolls
 d - 3 scrolls of identify
 e - 2 scrolls of vulnerability {unknown}
 g - a scroll of blinking
 h - 3 scrolls of enchant armour {unknown}
 k - 4 scrolls of teleportation {unknown}
 l - a scroll of amnesia {unknown}
 r - a scroll of enchant weapon {unknown}
 D - 2 scrolls of revelation {unknown}
 I - a scroll of silence {unknown}
Potions
 f - 3 potions of attraction {unknown}
 i - a potion of haste {unknown}
 j - 2 potions of mutation {unknown}
 n - 4 potions of curing {unknown}
 o - a potion of invisibility {unknown}
 p - 2 potions of cancellation {unknown}
 q - 2 potions of heal wounds {unknown}
 t - a potion of brilliance {unknown}
 z - 3 potions of degeneration {unknown}
 E - 2 potions of enlightenment {unknown}
 G - a potion of lignification {unknown}


   Skills:
 * Level 10.1 Fighting
 + Level 6.8 Axes
 + Level 6.4 Armour
 + Level 6.3 Dodging
 + Level 5.2 Shields
 * Level 6.5 Unarmed Combat


You had 10 spell levels left.
You didn't know any spells.
Your spell library was empty.

Dungeon Overview and Level Annotations

Branches:
Dungeon (9/15)             Temple (0/1) D:7            Lair (0/5) D:9
    Orc (0/2) D:9           Sewer (visited)

Altars:
Dithmenos
Gozag
Hepliaklqana
Nemelex Xobeh
Ru
Trog
Xom

Shops:
D:3 :

Annotations:
D:9 exclusion: obsidian statue


Innate Abilities, Weirdness & Mutations

You have very sharp fingernails.
You are partially covered in slimy green scales. (AC +2)
When hurt, damage is shared between your health and your magic reserves.
You regenerate magic rapidly.
Spells you cast may paralyse adjacent enemies.


Message History

You block the troll's attack.
The gnoll sergeant hits you from afar with a +1 spear of pain.
* * * LOW HITPOINT WARNING * * *
You slash the troll! You freeze the troll.
The troll is almost dead.
You closely miss the troll.
The troll is almost dead.
The troll misses you. The troll claws you but does no damage.
You block the troll's attack. The gnoll sergeant closely misses you.
The gnoll sergeant hits you from afar with a +2 heavy spear.
* * * LOW HITPOINT WARNING * * *
You hit the troll. You freeze the troll.
You kill the troll!
Trog accepts your kill. You block the gnoll sergeant's attack.
You slash the gnoll sergeant! You freeze the gnoll sergeant.
The gnoll sergeant is heavily wounded.
You barely miss the gnoll sergeant.
The gnoll sergeant hits you but does no damage.
The gnoll sergeant hits you with a +1 spear of pain.
* * * LOW HITPOINT WARNING * * *
You slash the gnoll sergeant! You freeze the gnoll sergeant.
The gnoll sergeant is moderately wounded.
You hit the gnoll sergeant but do no damage.
The gnoll sergeant closely misses you.
You hit the gnoll sergeant. You freeze the gnoll sergeant.
The gnoll sergeant is heavily wounded.
You hit the gnoll sergeant. You freeze the gnoll sergeant.
The gnoll sergeant hits you with a +2 heavy spear.
* * * LOW HITPOINT WARNING * * *
You barely miss the gnoll sergeant.
The gnoll sergeant is heavily wounded.
You slash the gnoll sergeant! You freeze the gnoll sergeant.
You kill the gnoll sergeant!
Trog accepts your kill.
You can now call in reinforcements.
You barely miss the gnoll sergeant.
The gnoll sergeant is heavily wounded.
You hit the ogre. You freeze the ogre. The gnoll sergeant barely misses you.
The ogre hits you with a +0 giant club!!
You die...

# #......# #........###+#..
# #......# #........# #.. #
#......# #........# #..
#######......#####........#
#..
.§§§Fsh...................#
#..
#######oo.................#
#.. #..!######..........#
#.. #...# #..###.....# +..
#...#. #@.# ####..#####.. #
#...#.. #Og# #......... .
....###.+#oo# ##........ .
.............## #........ .
........♣....♣.## #........
. ..........## #.....### #
......♣..♣..# #.....#..
............####.....+..
..........P...##.....#..


You could see an ogre, a gnoll sergeant and 2 orcs.

Vanquished Creatures
  Erica (D:9)
  The ghost of ragingrage the Blocker, a novice GnFi of Cheibriados (D:8)
  The ghost of Firecrotchwizard the Fighter, a novice DjFE of Okawaru (D:8)
  A troll (D:9)
  Grinder (D:5)
  A hornet (D:7)
  18 yaks
  2 wyverns
  2 basilisks (D:9)
  Edmund (D:4)
  A water moccasin (D:9)
  Duvessa (D:5)
  A black bear (D:5)
  An ice beast (D:8)
  2 orc warriors (D:9)
  5 ogres
  3 centaurs (D:7)
  2 kobold brigands (D:9)
  4 bullfrogs
  4 gnoll sergeants
  4 scorpions
  4 wights (D:8)
  Dowan (D:5)
  6 killer bees
  8 howler monkeys
  2 jellies
  A gnoll bouda (D:8)
  4 orc priests
  2 hounds (D:6)
  3 iguanas
  2 sleepcaps (D:6)
  4 orc wizards
  12 gnolls
  15 adders
  A river rat (Sewer)
  A shadow imp (D:5)
  6 white imps
  An ufetubus (D:4)
  7 worms
  A dart slug (D:5)
  22 orcs
  7 ball pythons
  10 endoplasms
  7 giant cockroaches
  10 goblins
  11 hobgoblins
  6 jackals
  10 quokkas
  3 frilled lizards
  A goblin skeleton (D:5)
  3 goblin zombies (D:5)
  A hobgoblin zombie (D:5)
  12 kobolds
  3 kobold skeletons (D:5)
  A kobold zombie (D:5)
  6 rats
251 creatures vanquished.

Vanquished Creatures (collateral kills)
  A wyvern (D:9)
  An iguana (D:7)
  An orc (D:7)
3 creatures vanquished.

Vanquished Creatures (others)
  An adder (D:5)
1 creature vanquished.

Grand Total: 255 creatures vanquished

Notes
Turn   | Place    | Note
-------+----------+-------------------------------------------
     0 | D:1      | HallandMoats the Demonspawn Berserker began the quest for
                  | the Orb.
     0 | D:1      | Reached XP level 1. HP: 18/18 MP: 1/1
   222 | D:1      | Gained mutation: You regenerate magic rapidly. [demonic
                  | ancestry]
   222 | D:1      | Reached XP level 2. HP: 22/24 MP: 2/2
  1095 | D:2      | Reached XP level 3. HP: 24/29 MP: 3/3
  1372 | D:2      | Reached ** piety under Trog
  1507 | D:2      | Gained mutation: When hurt, damage is shared between your
                  | health and your magic reserves. [demonic ancestry]
  1507 | D:2      | Reached XP level 4. HP: 26/37 MP: 4/4
  1569 | D:2      | Found a shimmering altar of Xom.
  1699 | D:3      | Found a glowing drain.
  1712 | D:3      | Reached skill level 4 in Fighting
  1737 | Sewer    | Entered a sewer
  2097 | Sewer    | Gained mutation: Spells you cast may paralyse adjacent
                  | enemies. [demonic ancestry]
  2097 | Sewer    | Reached XP level 5. HP: 31/42 MP: 5/5
  2375 | D:3      | Found a hazy altar of Hepliaklqana.
  2598 | D:3      | Found Atahumm's Book Shoppe.
  2772 | D:3      | Reached XP level 6. HP: 50/50 MP: 6/6
  3279 | D:4      | Noticed Edmund
  3305 | D:4      | Killed Edmund
  3306 | D:4      | Reached skill level 5 in Fighting
  3788 | D:4      | Reached *** piety under Trog
  4181 | D:4      | Identified the ring of Piymick {rC+ rN+ Will+ Dex-3}
  4284 | D:5      | Entered Level 5 of the Dungeon
  4285 | D:5      | Noticed Duvessa
  4291 | D:5      | Reached skill level 1 in Shields
  4291 | D:5      | Reached XP level 7. HP: 56/56 MP: 4/7
  4302 | D:5      | Killed Duvessa
  4304 | D:5      | Noticed Dowan
  4320 | D:5      | Killed Dowan
  4322 | D:5      | Reached skill level 6 in Fighting
  4518 | D:5      | Noticed Grinder
  4539 | D:5      | Paralysed by Grinder for 4 turns
  4557 | D:5      | Paralysed by Grinder for 4 turns
  4564 | D:5      | Killed Grinder
  4565 | D:5      | Gained mutation: You have sharp fingernails. [demonic
                  | ancestry]
  4565 | D:5      | Reached XP level 8. HP: 42/65 MP: 6/8
  5113 | D:5      | Identified the +0 leather armour of Modesty {Dex+5 SInv}
  5795 | D:6      | Reached skill level 7 in Fighting
  6030 | D:6      | Reached skill level 1 in Unarmed Combat
  6155 | D:6      | Found a shadowy altar of Dithmenos.
  6155 | D:6      | Found a sparkling altar of Nemelex Xobeh.
  6731 | D:7      | Reached skill level 5 in Axes
  6736 | D:7      | Reached **** piety under Trog
  6796 | D:7      | Found a staircase to the Ecumenical Temple.
  6802 | D:7      | Reached XP level 9. HP: 56/72 MP: 9/9
  6850 | D:7      | Paralysed by a hornet for 1 turns
  7639 | D:7      | Found an opulent altar of Gozag.
  7693 | D:8      | Reached skill level 8 in Fighting
  7693 | D:8      | Reached skill level 5 in Armour
  7783 | D:8      | Reached skill level 5 in Dodging
  7917 | D:8      | Gained mutation: You have very sharp fingernails. [demonic
                  | ancestry]
  7917 | D:8      | Reached XP level 10. HP: 13/82 MP: 4/10
  8658 | D:8      | Found a bloodstained altar of Trog.
  8668 | D:8      | Found a runed translucent gate.
  8669 | D:8      | Found a runed translucent gate.
  8669 | D:8      | Found a runed translucent gate.
  8669 | D:8      | Noticed ragingrage's ghost (novice GnFi)
  8670 | D:8      | Noticed Firecrotchwizard's ghost (novice DjFE)
  8848 | D:8      | Killed Firecrotchwizard's ghost
  8895 | D:8      | Killed ragingrage's ghost
  8896 | D:8      | Reached skill level 9 in Fighting
  8896 | D:8      | Reached skill level 5 in Unarmed Combat
  9078 | D:9      | Identified the +4 ring mail "Diad" {+Inv rC+}
  9129 | D:9      | Found a sacrificial altar of Ru.
  9165 | D:9      | Noticed Erica
  9195 | D:9      | Found a staircase to the Lair.
  9262 | D:9      | Killed Erica
  9365 | D:9      | Reached skill level 5 in Shields
  9398 | D:9      | Gained mutation: You are partially covered in slimy green
                  | scales. (AC +2) [demonic ancestry]
  9398 | D:9      | Reached XP level 11. HP: 41/85 MP: 9/11
  9759 | D:9      | Reached skill level 10 in Fighting
  9941 | D:9      | Noticed an obsidian statue
 10022 | D:9      | Found a staircase to the Orcish Mines.
 10140 | D:9      | Slain by an ogre

Illustrated notes

Levels and vault maps discovered:
D:1:      denvon_arrival_planthouse, layout_basic, kennysheep_small_spiral
D:2:      layout_rooms, basic_altar, kennysheep_generic_room_9
D:3:      layout_basic, mainiacjoe_overflow_paths, serial_shops, shop,
          portal_sewer_entry_f, minmay_divided_ellipse
D:4:      layout_basic, minmay_bisected, uniq_edmund
D:5:      layout_layer_cave, nicolae_tso_besieged_by_evil, uniq_grinder,
          uniq_duvessa
D:6:      layout_basic, nicolae_overflow_hidden_temple, kennysheep_another_room
D:7:      layout_rooms, mainiacjoe_overflow_alcove_4, minmay_temple_entry_waves,
          dreamdust_princess_corridor, nicolae_underground_beach
D:8:      layout_rooms, lemuel_crystal_altar, gammafunk_ghost_cemetery
D:9:      layout_irregular_city, nicolae_ru_great_annihilating_truth,
          minmay_lair_entry_grove, kennysheep_orc_monster_closet_entryway,
          serial_shops, nicolae_shop_behind_doors, minmay_protected_statue,
          uniq_erica

Skill      XL: |  1  2  3  4  5  6  7  8  9 10 11 |
---------------+----------------------------------+-----
Armour         | 2 3 4 5 6 |  6.4
Dodging        | 2 3 4 5 6 |  6.3
Axes           | 3 4 5 6 |  6.8
Fighting       | 4 5 6 7 8 9 10 | 10.1
Shields        | 1 2 3 4 5 |  5.2
Unarmed Combat | 2 4 6 |  6.5

Action                     |  1- 3 |  4- 6 |  7- 9 | 10-12 || total
---------------------------+-------+-------+-------+-------++-------
  Melee: Hand axe          |   110 |   318 |   360 |   387 ||  1175
         Punch             |     2 |       |       |       ||     2
 Invoke: Trog's Hand       |       |     3 |     5 |    10 ||    18
         Berserk           |       |     2 |     2 |     4 ||     8
Ability: Evoke Invisibilit |       |       |       |     1 ||     1
  Evoke: Wand              |       |       |     3 |       ||     3
    Use: Scroll            |       |       |     9 |     4 ||    13
   Stab: Sleeping          |     1 |     2 |       |       ||     3
         Invisible         |       |       |       |     7 ||     7
         Distracted        |       |       |       |     1 ||     1
         Paralysed         |       |       |       |     1 ||     1
 Armour: Animal skin       |    20 |    67 |       |       ||    87
         Ring mail         |       |    30 |   178 |   135 ||   343
         Leather armour    |       |    13 |       |       ||    13
  Dodge: Dodged            |    70 |   201 |   248 |   228 ||   747
  Block: Buckler           |       |    33 |   149 |   139 ||   321

Table legend: (Time is in decaauts)
 A = Elapsed time spent in this place.
 B = Non-inter-level travel time spent in this place.
 C = Inter-level travel time spent in this place.
 D = Time resting spent in this place.
 E = Time spent auto-exploring this place.
 F = Levels seen in this place.
 G = Mean time per level.
                   A        B        C        D        E       F      G
               +--------+--------+--------+--------+--------+-----+--------+
         Total |  10351 |  10102 |    249 |   1563 |   6001 |  10 | 1035.1 |
       Dungeon |   9679 |   9430 |    249 |   1453 |   5706 |   9 | 1075.4 |
         Sewer |    671 |    671 |      0 |    110 |    295 |   1 |  671.0 |
               +--------+--------+--------+--------+--------+-----+--------+

Top non-repeatable levels by time:
     D:5: 1470 daAuts
     D:8: 1387 daAuts
     D:4: 1175 daAuts
     D:9: 1074 daAuts
     D:1: 1038 daAuts
     D:7: 1004 daAuts
     D:6: 991 daAuts
     D:3: 884 daAuts
   Sewer: 671 daAuts
     D:2: 652 daAuts
